 Dungeon Crawl Stone Soup version 0.20.1-1-g8b1a95d (webtiles) character file.

19966 vineage the Fighter (level 12, 0/145 HPs)
             Began as a Demonspawn Gladiator on Sept 21, 2017.
             Slain by an orc knight
             ... wielding a +2 halberd of venom
              (19 damage)
             ... on level 9 of the Dungeon.
             The game lasted 00:18:06 (8791 turns).

vineage the Fighter (Demonspawn Gladiator)          Turns: 8791, Time: 00:18:07

Health: 0/145      AC: 26    Str: 21    XL:     12   Next: 41%
Magic:  12/12      EV:  2    Int: 15    God:    Xom [.....*]
Gold:   346        SH: 16    Dex: 15    Spells: 11/11 levels left

rFire    . . .     SeeInvis .   k - +8 spear of Moeziapy {pierce, Int+4}
rCold    . . .     Gourm    .   D - +0 large shield
rNeg     + + +     Faith    .   (armour currently unavailable)
rPois    +         Spirit   .   (helmet currently unavailable)
rElec    .         Reflect  .   (cloak currently unavailable)
rCorr    .         Harm     .   (gloves currently unavailable)
MR       .....     NoTele   +   (boots currently unavailable)
Stlth    ++++......             (no amulet)
Regen    0.4/turn               s - ring of stealth
MPRegen  0.2/turn               C - ring of flight

@: mighty, tree-form, frozen, very slow
A: blurry vision 1, nightstalker 1, weak 1
a: Renounce Religion


You were on level 9 of the Dungeon.
You worshipped Xom.
You were Xom's teddy bear.
You were hungry.
You were a tree.
You visited 2 branches of the dungeon, and saw 10 of its levels.

You collected 612 gold pieces.
You spent 266 gold pieces at shops.

Inventory:

Hand Weapons
 a - a +0 long sword
 k - the +8 spear of Moeziapy (weapon) {pierce, Int+4}
   (You found it on level 4 of the Dungeon)

   It inflicts extra damage upon your enemies.
   It affects your intelligence (+4).
Missiles
 d - 3 throwing nets (quivered)
Armour
 b - a +0 leather armour
 c - a +0 helmet
 e - a +0 pair of boots
 g - a +0 ring mail
 m - a +2 hat (melded)
 n - a +1 chain mail of fire resistance (melded)
 p - a +0 scale mail
 x - the +2 pair of boots of Starshine (melded) {Regen+}
   (You bought it in a shop on level 5 of the Dungeon)

   It increases your rate of regeneration.
 A - a +2 pair of gloves (melded)
 D - a +0 large shield (worn)
Jewellery
 s - a ring of stealth (left branch)
 C - a ring of flight (right branch)
 G - an uncursed ring of ice {unknown}
 L - a cursed amulet of inaccuracy {unknown}
Wands
 q - a wand of lightning (9/15)
 B - a wand of enslavement (7/24)
 H - a wand of paralysis (11/24)
 K - a wand of lightning (6/15)
 P - a wand of acid (4/15)
 Q - a wand of digging (10/24)
Scrolls
 h - 4 scrolls of remove curse
 o - 3 scrolls of identify
 r - 4 scrolls of teleportation
 u - a scroll of amnesia
 y - a scroll of vulnerability {unknown}
 z - 3 scrolls of blinking
 I - 2 scrolls of holy word
 J - a scroll of fog
 M - a scroll of magic mapping
 O - a scroll of enchant weapon
Potions
 v - a potion of lignification
 E - a potion of cancellation
Books
 N - a book of Enchantments

   Spells                             Type                      Level
   a - Cause Fear                     Hexes                        4
   b - Yara's Violent Unravelling     Hexes/Transmutation          5
   c - Silence                        Hexes/Air                    5
   d - Deflect Missiles               Charms/Air                   6
   e - Discord                        Hexes                        8
Comestibles
 f - 7 bread rations
 i - 4 meat rations
 j - 8 fruits
 l - 3 royal jellies


   Skills:
 * Level 9.9 Fighting
 + Level 6.1 Long Blades
 + Level 9.4 Polearms
 - Level 1.8 Throwing
 * Level 9.7 Armour
 - Level 2.9 Dodging
 + Level 1.3 Stealth
 + Level 7.0 Shields


You had 11 spell levels left.
You didn't know any spells.

Dungeon Overview and Level Annotations

Branches:
Dungeon (9/15)             Temple (1/1) D:7            Lair (0/6) D:9
    Orc: D:9-12

Altars:
Dithmenos
Elyvilon
Gozag
Qazlal
Sif Muna
Trog
Uskayaw
Vehumet
Xom
Yredelemnul
Zin
Beogh

Shops:
D:5 *

Annotations:
D:4 Sigmund
D:8 3 runed doors


Innate Abilities, Weirdness & Mutations

((You have sharp fingernails.))
((You are mostly covered in molten scales. (AC +3)))
You are slightly more attuned to the shadows.
((You are partially covered in sharp spines.))
((You have a beak for a mouth.))
((You have large cloven feet.))
Scrolls take you a little longer to read.
((You are covered in fur. (AC +1)))
You are weak. (Str -2)


Message History

"Over there now!"
The orc warrior blinks!
The orc blinks!
You are now Xom's teddy bear.
You block the orc knight's attack.
You cannot move.
You block the orc knight's attack.
You feel better.
You feel mightier all of a sudden.
The orc knight roars a battlecry!
The orc goes into a battle-frenzy!
You block the orc's attack. x2
You completely miss the orc.
The orc knight hits you from afar with a halberd of venom.
* * * LOW HITPOINT WARNING * * *
The orc hits you but does no damage. x2
You puncture the orc!
You kill the orc!
The orc knight hits you from afar with a halberd of venom!!
You die...
Xom is highly amused!

#.').)........))...).....
#)#...........#....#.....
#.#######################
#......# ...... #......#
o..... #.###'## .....
#.#....# ...
#.#....###o#####
###)#....o♣)o.....
#.).############## #...#
##### ≈≈≈≈ ≈≈≈≈≈≈
.P...... ........ ######


You could see an orc knight, an orc warrior and an orc.

Vanquished Creatures
  An orc warlord (D:9)
  2 two-headed ogres
  Psyche (D:8)
  Prince Ribbit (D:7)
  A hippogriff (D:7)
  A shadow (D:6)
  A wyvern (D:9)
  15 yaks (D:9)
  A hungry ghost (D:9)
  Edmund (D:6)
  4 wargs (D:9)
  A water moccasin (D:7)
  2 black bears
  2 ice beasts
  2 sky beasts
  9 orc warriors
  4 phantoms
  A necrophage (D:5)
  4 ogres
  A crocodile (D:8)
  5 centaurs
  The ghost of Ymberti the Firebug, an amateur DEFE (D:3)
  A big kobold (D:5)
  6 bullfrogs
  A gnoll sergeant (D:8)
  A wyvern skeleton (D:9)
  2 scorpions
  6 killer bees (D:9)
  2 howler monkeys
  8 wights (D:9)
  5 crimson imps
  2 bullfrog zombies
  5 hounds
  3 orc priests
  2 jellies
  6 orc wizards
  3 centaur skeletons
  Jessica (D:3)
  An iguana (D:5)
  6 worker ants
  A howler monkey skeleton (D:4)
  A worker ant zombie (D:5)
  7 gnolls
  8 adders
  A shadow imp (D:6)
  2 adder skeletons
  2 worms (D:2)
  A dart slug (D:3)
  7 leopard geckos
  57 orcs
  5 giant cockroaches
  6 goblins
  10 hobgoblins
  11 jackals
  29 kobolds
  2 quokkas
  5 ball pythons
  8 bats
  5 frilled lizards
  A jackal skeleton (D:4)
  A quokka zombie (D:5)
  5 rats
297 creatures vanquished.

Vanquished Creatures (collateral kills)
  A wight (D:9)
1 creature vanquished.

Grand Total: 298 creatures vanquished

Notes
Turn   | Place    | Note
-------+----------+-------------------------------------------
     0 | D:1      | vineage the Demonspawn Gladiator began the quest for the Orb.
     0 | D:1      | Reached XP level 1. HP: 16/16 MP: 1/1
   134 | D:1      | Gained mutation: You are partially covered in molten scales. (AC +2) [demonic ancestry]
   134 | D:1      | Reached XP level 2. HP: 22/22 MP: 2/2
   790 | D:1      | Gained mutation: You are slightly more attuned to the shadows. [demonic ancestry]
   790 | D:1      | Reached XP level 3. HP: 25/28 MP: 3/3
  1117 | D:2      | Reached skill level 1 in Armour
  1806 | D:2      | Gained mutation: You have sharp fingernails. [demonic ancestry]
  1806 | D:2      | Reached XP level 4. HP: 34/34 MP: 4/4
  2075 | D:3      | Noticed Jessica
  2099 | D:3      | Killed Jessica
  2479 | D:3      | Noticed Ymberti's ghost (amateur DEFE)
  2486 | D:3      | Killed Ymberti's ghost
  2486 | D:3      | Gained mutation: You are partially covered in sharp spines. [demonic ancestry]
  2486 | D:3      | Reached XP level 5. HP: 30/41 MP: 5/5
  3380 | D:4      | Noticed Sigmund
  3678 | D:4      | Got a smoking spear
  3679 | D:4      | Identified the +8 spear of Moeziapy {pierce, Int+4} (You found it on level 4 of the Dungeon)
  3689 | D:4      | Reached XP level 6. HP: 47/47 MP: 6/6
  3812 | D:4      | Reached skill level 1 in Polearms
  4340 | D:5      | Entered Level 5 of the Dungeon
  4343 | D:5      | Found a shadowy altar of Dithmenos.
  4404 | D:5      | Reached skill level 5 in Long Blades
  4404 | D:5      | Reached XP level 7. HP: 53/53 MP: 7/7
  4496 | D:5      | Found Dydwun's Assorted Antiques.
  4512 | D:5      | Bought a pair of scorched boots for 266 gold pieces
  4522 | D:5      | Identified the +2 pair of boots of Starshine {Regen+} (You bought it in a shop on level 5 of the Dungeon)
  4896 | D:5      | Reached XP level 8. HP: 45/61 MP: 8/8
  5274 | D:6      | Reached skill level 5 in Fighting
  5312 | D:6      | Found a bloodstained altar of Trog.
  5342 | D:6      | Noticed Edmund
  5353 | D:6      | Killed Edmund
  5416 | D:6      | Reached skill level 5 in Armour
  5619 | D:6      | Reached skill level 5 in Polearms
  6037 | D:7      | Noticed a hippogriff
  6045 | D:7      | Killed a hippogriff
  6080 | D:7      | Gained mutation: You are mostly covered in molten scales. (AC +3) [demonic ancestry]
  6080 | D:7      | Reached XP level 9. HP: 68/68 MP: 9/9
  6122 | D:7      | Noticed Prince Ribbit
  6129 | D:7      | Killed Prince Ribbit
  6129 | D:7      | Reached skill level 1 in Shields
  6217 | D:7      | Reached skill level 1 in Stealth
  6248 | D:7      | Found a staircase to the Ecumenical Temple.
  6266 | D:7      | Gained mutation: You have very sharp teeth. [mutagenic meat]
  6269 | D:7      | Gained mutation: Your body sometimes deteriorates upon taking damage. [mutagenic meat]
  6270 | D:7      | Gained mutation: You are frail. (-10% HP) [mutagenic meat]
  6271 | D:7      | Gained mutation: You tend to lose your temper in combat. [mutagenic meat]
  6440 | Temple   | Entered the Ecumenical Temple
  6449 | Temple   | Became a worshipper of Xom the Less-Predictable
  6744 | D:7      | XOM is BORED!
  6744 | D:7      | XOM: silly message
  6889 | D:8      | XOM: potion effect (heal wounds)
  6997 | D:8      | XOM: stat loss: -1 Int (13/14)
  7005 | D:8      | XOM: 6-stop teleportation journey
  7006 | D:8      | Noticed Psyche
  7011 | D:8      | Noticed a two-headed ogre
  7011 | D:8      | Killed Psyche
  7013 | D:8      | XOM: divination: detect items
  7020 | D:8      | Killed a two-headed ogre
  7020 | D:8      | Reached XP level 10. HP: 69/69 MP: 10/10
  7186 | D:8      | Found a huge runed gate.
  7186 | D:8      | Found a huge runed gate.
  7186 | D:8      | Found a huge runed gate.
  7187 | D:8      | Noticed a manticore
  7187 | D:8      | Noticed a manticore
  7290 | D:8      | XOM: enchant monster (bad)
  7383 | D:8      | Gained mutation: You are somewhat resistant to further mutation. [mutagenic meat]
  7385 | D:8      | Gained mutation: You are weak. (Str -2) [mutagenic meat]
  7410 | D:8      | XOM: silly message
  7434 | D:8      | Found a roughly hewn altar of Beogh.
  7465 | D:8      | HP: 3/71 [orc warrior/glaive (12)]
  7470 | D:8      | HP: 1/71 [orc warrior/glaive (5)]
  7472 | D:8      | XOM: enchant monster (bad)
  7487 | D:8      | Lost mutation: You are frail. (-10% HP) [potion of mutation]
  7487 | D:8      | Lost mutation: Your body sometimes deteriorates upon taking damage. [potion of mutation]
  7487 | D:8      | Lost mutation: You tend to lose your temper in combat. [potion of mutation]
  7487 | D:8      | Lost mutation: You are somewhat resistant to further mutation. [potion of mutation]
  7487 | D:8      | Lost mutation: You are weak. (Str -2) [potion of mutation]
  7487 | D:8      | Gained mutation: You tend to lose your temper in combat. [potion of mutation]
  7487 | D:8      | Gained mutation: You are covered in fur. (AC +1) [potion of mutation]
  7487 | D:8      | Gained mutation: You have large cloven feet. [potion of mutation]
  7543 | D:8      | XOM: harmless Fire miscast
  8087 | D:9      | XOM: summons 2 friendly demons
  8153 | D:9      | Noticed a two-headed ogre
  8153 | D:9      | XOM: summons friendly crimson imp
  8160 | D:9      | Killed a two-headed ogre
  8164 | D:9      | Reached skill level 5 in Shields
  8172 | D:9      | XOM: cleaving
  8173 | D:9      | XOM: god gift: emerald potion {god gift}
  8217 | D:9      | XOM: cleaving
  8226 | D:9      | XOM: potion effect (curing)
  8231 | D:9      | XOM: cast spell 'Ring of Flames'
  8231 | D:9      | Reached XP level 11. HP: 79/86 MP: 11/11
  8241 | D:9      | XOM: mild Fire miscast
  8242 | D:9      | XOM: cast spell 'Death Channel'
  8251 | D:9      | XOM: give mutations
  8251 | D:9      | Lost mutation: You have very sharp teeth. [Xom's mischief]
  8251 | D:9      | Gained mutation: You have a beak for a mouth. [Xom's mischief]
  8251 | D:9      | Gained mutation: Scrolls take you a little longer to read. [Xom's mischief]
  8251 | D:9      | Lost mutation: You tend to lose your temper in combat. [Xom's mischief]
  8251 | D:9      | Gained mutation: You are weak. (Str -2) [Xom's mischief]
  8307 | D:9      | Found a staircase to the Lair.
  8446 | D:9      | XOM: potion effect (experience)
  8446 | D:9      | Reached XP level 12. HP: 96/96 MP: 12/12
  8478 | D:9      | XOM: harmless Necr miscast
  8736 | D:9      | Noticed an orc warlord
  8764 | D:9      | Killed an orc warlord
  8773 | D:9      | XOM: mild Erth miscast
  8774 | D:9      | XOM: confusion
  8780 | D:9      | XOM: mild Conj miscast
  8782 | D:9      | XOM: harmless Tmut miscast
  8784 | D:9      | XOM: severe Ice miscast
  8786 | D:9      | XOM: blink monster(s)
  8791 | D:9      | Slain by an orc knight

Skill      XL: |  1  2  3  4  5  6  7  8  9 10 11 12 |
---------------+-------------------------------------+-----
Long Blades    | 3 4 5 6 |  6.1
Armour         | 1 2 3 4 5 7 8 9 |  9.7
Fighting       | 3 4 5 6 8 9 |  9.9
Polearms       | 1 3 5 7 8 9 |  9.4
Shields        | 3 5 6 7 |  7.0
Stealth        | 1 |  1.3
Throwing       | |  1.8
Dodging        | |  2.9

Action                   |  1- 3 |  4- 6 |  7- 9 | 10-12 || total
-------------------------+-------+-------+-------+-------++-------
Melee: Long sword        |   121 |    72 |       |       ||   193
       Spear             |       |    37 |   274 |   393 ||   704
       Bite              |       |       |     7 |    31 ||    38
       Peck              |       |       |       |    29 ||    29
  Use: Scroll            |     4 |     2 |     2 |     7 ||    15
       Potion            |     1 |     4 |       |    12 ||    17
 Stab: Sleeping          |     2 |     1 |     1 |       ||     4
  Eat: Chunk             |     2 |     8 |    15 |    12 ||    37
Armor: Leather armour    |    23 |       |       |       ||    23
       Ring mail         |    25 |       |       |       ||    25
       Scale mail        |       |    30 |       |       ||    30
       Chain mail        |       |    29 |    99 |    97 ||   225
       Skin              |       |       |       |     2 ||     2
Dodge: Dodged            |    79 |    39 |    37 |    32 ||   187
Block: Large shield      |       |       |    68 |   224 ||   292
       Rpst.: Long sword |    27 |     6 |       |       ||    33
